 Dungeon Crawl Stone Soup version 0.29-a0-1016-g236c7fd91e (webtiles) character file.

Game seed: 17982764673364014583

13 frimble the Digger (level 2, 0/19 HPs)
             Began as a Demonspawn Earth Elementalist on Aug 9, 2022.
             Slain by a bat (1 damage)
             ... on level 1 of the Dungeon.
             The game lasted 00:01:06 (333 turns).

frimble the Digger (Demonspawn Earth Elementalist)   Turns: 333, Time: 00:01:06

Health: 0/19       AC:  2    Str:  8    XL:     2   Next: 24%
Magic:  4/5        EV: 12    Int: 16    God:
Gold:   15         SH:  0    Dex: 13    Spells: 4/5 levels left

rFire   . . .      SeeInvis .   c - +0 short sword
rCold   . . .      Faith    .   (no shield)
rNeg    . . .      Spirit   .   a - +0 robe
rPois   .          Reflect  .   (no helmet)
rElec   .          Harm     .   (no cloak)
rCorr   .          Rampage  .   (no gloves)
Will    .....                   (no boots)
Stlth   ++........              (no amulet)
HPRegen 0.06/turn               (no ring)
MPRegen 0.09/turn               (no ring)

@: hasted, very quick
A: hooves 1
a: no special abilities


You were on level 1 of the Dungeon.
You visited 1 branch of the dungeon, and saw 1 of its levels.

You collected 15 gold pieces.

Inventory:

Hand Weapons
 c - a +0 short sword (weapon)
Armour
 a - a +0 robe (worn)
Scrolls
 d - a scroll of amnesia {unknown}
Potions
 b - a potion of magic


   Skills:
 + Level 0.9 Short Blades
 - Level 1.8 Dodging
 - Level 1.8 Stealth
 - Level 2.0 Spellcasting
 - Level 1.0 Transmutations
 + Level 3.0 Earth Magic


You had 4 spell levels left.
You knew the following spells:

 Your Spells              Type           Power      Damage    Failure   Level
a - Sandblast             Erth           22%        2d7       6%          1

Your spell library contained the following spells:

 Spells                   Type           Power      Damage    Failure   Level
 Passwall                 Tmut/Erth      6%         N/A       14%         2
 Stone Arrow              Conj/Erth      12%        3d7       32%         3
 Petrify                  Tmut/Erth      8%         N/A       65%         4


Dungeon Overview and Level Annotations

Branches:
Dungeon (1/15)

Altars:


Innate Abilities, Weirdness & Mutations

You have large cloven feet.


Message History

The blast of sand hits the goblin!
You kill the goblin!
The jackal bites you but does no damage. x2
The jackal barely misses you. The jackal closely misses you.
The jackal misses you. The jackal bites you.
The jackal attacks as you move away! The jackal barely misses you.
Things that are here:
a +0 dagger; a goblin corpse You hit the jackal but do no damage.
Your kick misses the jackal. The jackal bites you.
The jackal barely misses you.
You closely miss the jackal. The jackal bites you.
* * * LOW HITPOINT WARNING * * *
You hit the jackal.
The jackal is lightly wounded.
The jackal bites you but does no damage.
The jackal bites you.
* * * LOW HITPOINT WARNING * * *
It was a potion of haste.
You feel yourself speed up.
The jackal pauses to sniff the ground.
The jackal bites you.
* * * LOW HITPOINT WARNING * * *
A ball python comes into view.
You aren't carrying any scrolls.
Found a scroll labelled KOVYAMO TODIN and 10 gold pieces.
The bat attacks as you move away! The bat closely misses you. x2
You see here a scroll labelled KOVYAMO TODIN.
d - a scroll labelled KOVYAMO TODIN The bat barely misses you.
The bat hits you but does no damage.
The jackal stops to sniff the ground.
The bat barely misses you. The bat barely misses you. The bat hits you.
* * * LOW HITPOINT WARNING * * *
Aiming: Sandblast (safe; 6% risk of failure)
Press: ? - help, Q - select action Shift-Dir - straight line, f - bat
Aim: a bat (73% to hit)
The blast of sand misses the bat.
The bat closely misses you. The bat hits you.
You die...

...## #.....#
....##.......
.....#.......
..#...†......###
.............$..
................
....##.......##.
..#.##.......##.####
.##.#........##.@b.#
.##.#.......######.#
.##.#......S.h.hb..#
......##.h##########
#......#..#
###.#.......
)............
##.....##....#
#.....##.##.#


You could see a bat.

Vanquished Creatures
  5 endoplasms (D:1)
  A giant cockroach (D:1)
  A goblin (D:1)
  A jackal (D:1)
  A bat (D:1)
  A frilled lizard (D:1)
  A kobold (D:1)
11 creatures vanquished.

Vanquished Creatures (others)
  5 toadstools (D:1)
5 creatures vanquished.

Grand Total: 16 creatures vanquished

Notes
Turn   | Place    | Note
-------+----------+-------------------------------------------
     0 | D:1      | frimble the Demonspawn Earth Elementalist began the quest
                  | for the Orb.
     0 | D:1      | Reached XP level 1. HP: 13/13 MP: 3/3
    49 | D:1      | Reached skill level 1 in Transmutations
   287 | D:1      | Gained mutation: You have large cloven feet. [demonic
                  | ancestry]
   287 | D:1      | Reached XP level 2. HP: 19/19 MP: 5/5
   300 | D:1      | Reached skill level 3 in Earth Magic
   333 | D:1      | Slain by a bat

Illustrated notes

Levels and vault maps discovered:
D:1:      ldierk_walled_garden, layout_rooms,
          shapermc_ecumenical_altar_mp_ritualfount,
          chequers_serial_rivers_micro_b

Skill      XL: |  1  2 |
---------------+-------+-----
Transmutations | 1 |  1.0
Earth Magic    | 3 |  3.0
Short Blades   | |  0.9
Dodging        | |  1.8
Stealth        | |  1.8
Spellcasting   | |  2.0

Action                   || total
-------------------------++-------
Melee: Unarmed           ||     6
       Short sword       ||    12
       Kick              ||     3
 Cast: Sandblast         ||    14
  Use: Potion            ||     1
Armor: Robe              ||    18
Dodge: Dodged            ||    43

Table legend: (Time is in decaauts)
 A = Elapsed time spent in this place.
 B = Non-inter-level travel time spent in this place.
 C = Inter-level travel time spent in this place.
 D = Time resting spent in this place.
 E = Time spent auto-exploring this place.
 F = Levels seen in this place.
 G = Mean time per level.
                   A        B        C        D        E       F      G
               +--------+--------+--------+--------+--------+-----+--------+
         Total |    338 |    338 |      0 |      0 |    228 |   1 |  338.0 |
       Dungeon |    338 |    338 |      0 |      0 |    228 |   1 |  338.0 |
               +--------+--------+--------+--------+--------+-----+--------+

Top non-repeatable levels by time:
     D:1: 338 daAuts
